AoeStats
← Sovrano-di-Capiate

Arena

510192775Analyzed
3v3 RM · 1d ago on Sep 29, 2026· 62m 18s· 6 players
Game mode
Random Map
Map size
Normal (6 player)
Population
200
Speed
Normal
Resources
Standard
Victory
Conquest
Starting age
Dark Age
Ending age
Imperial Age
RankedLock teamsTeams togetherTeam positionsShared explorationLock speedFull tech treeHidden civsTurbo modeCheats
Victory
Defeat
🇹🇷 Persians · Türkiye
747
+10
🇮🇹 Italians · Italy
565
+17
🇹🇷 Turks · Türkiye
473
+20
🇦🇷 Poles · Argentina
620
-17
🇦🇷 Mongols · Argentina
602
-16
🇦🇷 Persians · Argentina
555
-14
Sovrano-di-Capiate
11:52 Feudal Age
11:25 Loom
12:34 Double-Bit Axe
12:55 Gold Mining
13:41 Horse Collar
15:10 Wheelbarrow
20:25 Castle Age
18:42 Stone Mining
20:12 Fletching
20:36 Padded Archer Armor
21:34 Bow Saw
22:40 Stone Shaft Mining
22:35 Hand Cart
22:43 Heavy Plow
29:31 Bodkin Arrow
31:36 Silk Road
36:25 Imperial Age
38:27 Two-Man Saw
38:00 Crop Rotation
38:44 Chemistry
38:04 Ballistics
38:15 Thumb Ring
38:16 Bracer
38:31 Leather Archer Armor
38:27 Forging
38:18 Scale Mail Armor
38:31 Caravan
38:53 Elite Genoese Crossbowman
42:58 Iron Casting
42:53 Squires
51:22 Arson
57:40 Ring Archer Armor
58:10 Blast Furnace
57:26 Chain Mail Armor
STCLP
0:31 Loom
10:30 Feudal Age
11:43 Wheelbarrow
10:59 Double-Bit Axe
11:55 Gold Mining
12:54 Horse Collar
21:47 Castle Age
19:45 Stone Mining
22:37 Hand Cart
22:38 Bow Saw
25:49 Town Watch
27:53 Gold Shaft Mining
31:12 Imperial Age
29:17 Heavy Plow
29:25 Fletching
29:35 Padded Archer Armor
30:05 Crossbowman
31:53 Conscription
34:06 Caravan
35:01 Forging
34:57 Scale Barding Armor
34:59 Light Cavalry
37:05 Kamandaran
37:23 Bloodlines
39:13 Crop Rotation
38:27 Elite War Elephant
39:54 Iron Casting
42:30 Blast Furnace
41:56 Husbandry
42:30 Thumb Ring
43:03 Chain Barding Armor
42:39 Bodkin Arrow
43:00 Leather Archer Armor
43:32 Hussar
47:03 Pikeman
47:43 Squires
47:29 Arson
48:30 Plate Barding Armor
48:26 Ring Archer Armor
47:20 Elite Skirmisher
49:05 Chemistry
51:05 Citadels
51:30 Hoardings
56:57 Halberdier
60:51 Scale Mail Armor
efrzm.29
12:24 Feudal Age
13:56 Wheelbarrow
13:51 Gold Mining
13:53 Stone Mining
18:31 Horse Collar
18:40 Double-Bit Axe
21:36 Castle Age
23:28 Hand Cart
26:40 Crossbowman
27:27 Padded Archer Armor
27:18 Fletching
29:59 Gold Shaft Mining
32:20 Thumb Ring
33:29 Bow Saw
39:41 Leather Archer Armor
39:16 Fletching
39:29 Scale Mail Armor
39:41 Forging
39:36 Scale Barding Armor
44:37 Imperial Age
53:12 Two-Man Saw
53:23 Caravan
55:37 Bombard Tower
55:37 Ballistics
55:08 Guard Tower
55:09 Heated Shot
55:30 Masonry
57:21 Elite Janissary
58:22 Sipahi
58:38 Hoardings
Tsunami
9:25 Feudal Age
7:42 Loom
15:48 Castle Age
15:24 Wheelbarrow
14:35 Loom
16:00 Horse Collar
16:08 Double-Bit Axe
22:36 Gold Mining
24:34 Stone Mining
25:20 Gold Shaft Mining
27:17 Stone Shaft Mining
28:03 Hand Cart
29:09 Heavy Plow
31:43 Imperial Age
29:58 Heavy Plow
30:12 Bow Saw
30:22 Nomads
33:00 Padded Archer Armor
33:05 Scale Barding Armor
32:51 Fletching
33:11 Forging
33:22 Bloodlines
33:13 Husbandry
32:36 Elite Steppe Lancer
33:25 Elite Mangudai
34:29 Conscription
34:31 Drill
36:16 Caravan
37:50 Bodkin Arrow
38:10 Leather Archer Armor
38:16 Chain Barding Armor
38:32 Iron Casting
37:34 Capped Ram
40:55 Siege Ram
52:26 Hoardings
53:24 Ballistics
54:04 Chemistry
Narubl
7:37 Loom
10:44 Feudal Age
11:20 Horse Collar
11:26 Double-Bit Axe
19:48 Castle Age
18:06 Gold Mining
18:08 Stone Mining
19:27 Wheelbarrow
19:36 Town Watch
21:32 Bow Saw
24:24 Heavy Plow
25:34 Treadmill Crane
27:04 Stone Shaft Mining
26:46 Szlachta Privileges
28:52 Husbandry
29:26 Hand Cart
29:14 Squires
36:01 Imperial Age
34:16 Fortified Wall
36:30 Bloodlines
35:54 Pikeman
36:07 Cavalier
36:09 Light Cavalry
38:22 Conscription
41:50 Forging
41:48 Scale Barding Armor
48:33 Crop Rotation
49:16 Caravan
50:31 Lechitic Legacy
55:35 Chemistry
55:12 Elite Skirmisher
57:02 Iron Casting
braianbarrientos97
11:18 Feudal Age
16:01 Double-Bit Axe
16:11 Stone Mining
16:12 Gold Mining
16:56 Horse Collar
20:04 Loom
27:01 Castle Age
30:02 Caravan
30:55 Wheelbarrow
30:37 Forging
30:19 Fletching
30:35 Scale Barding Armor
33:13 Bow Saw
33:42 Kamandaran
34:11 Guard Tower
48:51 Murder Holes
49:18 Ballistics
Connection lost

Rejoining the realm…

Still unreachable

The connection could not be restored.

Session expired

The server has moved on; the page needs a fresh start.